AoeStats
← Bashful_Burrito

Arabia

507577755Analyzed
1v1 RM · 12d ago on Sep 18, 2026· 54m 16s· 2 players
Game mode
Random Map
Map size
Tiny (2 player)
Population
200
Speed
Normal
Resources
Standard
Victory
Conquest
Starting age
Dark Age
Ending age
Imperial Age
RankedLock teamsTeams togetherTeam positionsShared explorationLock speedFull tech treeHidden civsTurbo modeCheats
Victory
Defeat
🇺🇸 Magyars · United States
1070
+16
🇵🇪 Aztecs · Peru
1076
-16
Bashful_Burrito
4:55 Loom
9:27 Feudal Age
9:32 Man-at-Arms
11:50 Double-Bit Axe
14:51 Fletching
16:10 Horse Collar
21:39 Castle Age
20:41 Bloodlines
21:31 Scale Barding Armor
29:57 Wheelbarrow
38:37 Imperial Age
36:16 Bodkin Arrow
37:08 Thumb Ring
37:32 Padded Archer Armor
37:38 Husbandry
38:26 Bow Saw
39:26 Bracer
39:52 Town Watch
42:06 Elite Magyar Huszar
42:49 Corvinian Army
42:28 Heavy Cavalry Archer
43:47 Conscription
45:03 Recurve Bow
46:47 Leather Archer Armor
48:17 Ballistics
48:42 Ring Archer Armor
49:54 Chain Barding Armor
52:29 Chemistry
Huguini
9:49 Feudal Age
8:51 Loom
10:26 Double-Bit Axe
10:23 Horse Collar
20:40 Wheelbarrow
24:11 Castle Age
22:55 Fletching
23:06 Padded Archer Armor
23:05 Town Watch
24:32 Forging
24:24 Scale Mail Armor
24:37 Pikeman
31:02 Squires
31:38 Elite Skirmisher
36:28 Bow Saw
37:55 Town Watch
38:03 Arson
38:25 Eagle Warrior
45:32 Imperial Age
43:56 Bodkin Arrow
44:25 Gold Mining
45:57 Stone Mining
47:09 Ballistics
47:42 Stone Shaft Mining
47:45 Gold Shaft Mining
48:51 Chain Mail Armor
48:37 Bracer
49:53 Atlatl
50:13 Conscription
Connection lost

Rejoining the realm…

Still unreachable

The connection could not be restored.

Session expired

The server has moved on; the page needs a fresh start.